AoeStats
← AncientLyre

Arena

510856113Analyzed
3v3 RM · 19h ago on Oct 2, 2026· 43m 3s· 6 players
Game mode
Random Map
Map size
Normal (6 player)
Population
200
Speed
Normal
Resources
Standard
Victory
Conquest
Starting age
Dark Age
Ending age
Imperial Age
RankedLock teamsTeams togetherTeam positionsShared explorationLock speedFull tech treeHidden civsTurbo modeCheats
Victory
Defeat
🇬🇧 Danes · United Kingdom
1316
+11
🇬🇧 Hindustanis · United Kingdom
1183
+17
🇬🇧 Bohemians · United Kingdom
1120
+20
🇬🇧 Saracens · United Kingdom
1203
-16
🇬🇧 Saxons · United Kingdom
1199
-16
1197
-16
The Laughing Storm
12:27 Feudal Age
12:53 Double-Bit Axe
16:12 Castle Age
17:34 Horse Collar
18:35 Heavy Plow
18:35 Gambesons
18:12 Man-at-Arms
19:00 Long Swordsman
21:44 Scale Mail Armor
23:46 Gold Mining
25:35 Wheelbarrow
25:59 Bow Saw
26:12 Stone Mining
27:31 Gold Shaft Mining
28:26 Hand Cart
29:30 Loom
30:12 Chain Mail Armor
30:08 Forging
29:45 Arson
30:01 Squires
33:38 Imperial Age
32:26 Iron Casting
33:33 Fletching
34:23 Bodkin Arrow
35:05 Plate Mail Armor
34:53 Elite Varangian Guard
36:57 Chemistry
35:21 Crossbowman
36:07 Thumb Ring
35:57 Pikeman
36:56 Shield Wall
39:31 Halberdier
biodegradable plastic
10:57 Feudal Age
11:43 Double-Bit Axe
11:51 Gold Mining
19:39 Castle Age
17:31 Horse Collar
17:45 Fletching
20:22 Padded Archer Armor
20:16 Crossbowman
21:20 Bow Saw
21:31 Bodkin Arrow
22:21 Ballistics
22:31 Bodkin Arrow
23:48 Thumb Ring
25:24 Wheelbarrow
27:49 Hand Cart
33:37 Loom
34:09 Leather Archer Armor
34:05 Forging
34:00 Scale Barding Armor
36:39 Imperial Age
35:28 Stone Mining
36:04 Heavy Plow
38:42 Two-Man Saw
38:52 Iron Casting
39:08 Conscription
39:51 Elite Mameluke
总有宦官暗算朕
10:15 Feudal Age
14:22 Castle Age
12:46 Double-Bit Axe
12:51 Horse Collar
13:36 Loom
15:41 Bow Saw
Hoppsywins
10:34 Feudal Age
11:45 Loom
14:32 Castle Age
12:20 Double-Bit Axe
12:17 Horse Collar
12:36 Horse Collar
15:29 Bow Saw
16:09 Scale Mail Armor
20:11 Squires
23:13 Wheelbarrow
23:32 Heavy Plow
24:49 Chain Mail Armor
24:44 Forging
25:43 Hand Cart
25:14 Town Watch
26:50 Arson
30:42 Imperial Age
29:39 Fletching
32:04 Plate Mail Armor
37:35 Onager
38:59 Conscription
38:02 Hamask
39:32 Elite Jomsviking
40:08 Capped Ram
41:27 Siege Ram
42:35 Siege Engineers
42:40 Masonry
42:10 Siege Onager
44:15 Hoardings
AncientLyre
10:58 Feudal Age
12:37 Double-Bit Axe
14:58 Castle Age
12:49 Horse Collar
15:43 Wheelbarrow
15:57 Bow Saw
15:51 Heavy Plow
26:35 Fletching
31:03 Imperial Age
30:40 Wagenburg Tactics
31:56 Chemistry
31:15 Elite Hussite Wagon
32:17 Conscription
32:51 Houfnice
34:38 Siege Engineers
Groundskeeper Willie
10:47 Feudal Age
12:26 Horse Collar
13:16 Loom
15:44 Castle Age
15:10 Double-Bit Axe
17:20 Bow Saw
17:11 Heavy Plow
26:06 Wheelbarrow
26:18 Gold Mining
26:25 Stone Mining
26:59 Town Watch
30:14 Imperial Age
29:42 Grand Trunk Road
29:59 Hand Cart
30:26 Gold Shaft Mining
31:02 Forging
30:57 Scale Barding Armor
31:17 Conscription
31:11 Town Watch
31:46 Masonry
32:45 Iron Casting
32:14 Scale Mail Armor
33:17 Bloodlines
33:07 Husbandry
32:28 Heavy Camel Rider
32:34 Elite Ghulam
34:45 Blast Furnace
34:53 Chain Mail Armor
35:58 Imperial Camel Rider
35:58 Pikeman
36:48 Scale Barding Armor
38:23 Chemistry
38:50 Chain Barding Armor
39:19 Shatagni
39:55 Hoardings
41:16 Ballistics
42:49 Plate Barding Armor
42:05 Fletching
Connection lost

Rejoining the realm…

Still unreachable

The connection could not be restored.

Session expired

The server has moved on; the page needs a fresh start.